 Dungeon Crawl Stone Soup version 0.22-a0-300-g82e80c5 (webtiles) character file.

109 SteelReserve the Cudgeler (level 4, -3/41 HPs)
             Began as a Minotaur Fighter on Mar 25, 2018.
             Slain by Grinder (5 damage)
             ... on level 3 of the Dungeon.
             The game lasted 00:04:30 (2363 turns).

SteelReserve the Cudgeler (Minotaur Fighter)        Turns: 2363, Time: 00:04:31

Health: -3/41      AC:  6    Str: 22    XL:     4   Next: 59%
Magic:  3/3        EV:  8    Int:  5    God:
Gold:   207        SH:  9    Dex:  9    Spells: 3/3 levels left

rFire    . . .     SeeInvis +   a - +0 flail
rCold    . . .     Gourm    .   c - +0 shield
rNeg     . . .     Faith    .   e - +0 ring mail (curse)
rPois    .         Spirit   .   (helmet restricted)
rElec    .         Reflect  .   (no cloak)
rCorr    .         Harm     .   (no gloves)
MR       .....                  i - +0 pair of boots
Stlth    ..........             j - amulet of inaccuracy (curse)
HPRegen  0.13/turn              l - ring of see invisible
MPRegen  0.08/turn              (no ring)

@: no status effects
A: retaliatory headbutt, horns 2
a: no special abilities


You were on level 3 of the Dungeon.
You were not hungry.

You visited 1 branch of the dungeon, and saw 3 of its levels.

You collected 207 gold pieces.

Inventory:

Hand Weapons
 a - a +0 flail (weapon)
Armour
 b - a +0 scale mail
 c - a +0 shield (worn)
 e - a cursed +0 ring mail (worn)
 i - a +0 pair of boots (worn)
 k - a +0 chain mail of cold resistance
Jewellery
 j - a cursed amulet of inaccuracy (around neck)
 l - a ring of see invisible (left hand)
 v - an uncursed ring of poison resistance {unknown}
Scrolls
 s - 2 scrolls of identify
 t - a scroll of teleportation {unknown}
 u - a scroll of fear {unknown}
Potions
 d - a potion of might
 g - a potion of agility
 h - 2 potions of curing {unknown}
 m - a potion of cancellation
 n - a potion of mutation {unknown}
 o - a potion of lignification {unknown}
 p - a potion of brilliance {unknown}
 q - a potion of haste {unknown}
Comestibles
 f - 3 rations
 r - a chunk of flesh


   Skills:
 + Level 4.7 Fighting
 * Level 5.0 Maces & Flails
 - Level 3.6 Armour
 - Level 3.6 Shields


You had 3 spell levels left.
You didn't know any spells.

Dungeon Overview and Level Annotations

Branches:
Dungeon (3/15)

Altars:
Dithmenos
Fedhas

Annotations:
D:3 Grinder


Innate Abilities, Weirdness & Mutations

You reflexively headbutt those who attack you in melee.
You have a pair of horns on your head.


Message History

Grinder hits you but does no damage. Grinder gestures at you.
You barely resist. Grinder hits you.
* * * LOW HITPOINT WARNING * * *
Grinder blinks!
You can move again.
Grinder gestures at you. Pain shoots through your body!
* * * LOW HITPOINT WARNING * * *
Grinder hits you.
* * * LOW HITPOINT WARNING * * *
You writhe in agony.
* * * LOW HITPOINT WARNING * * *
Unknown command.
You barely miss Grinder.
Grinder is heavily wounded.
Grinder says, "I used to sell toenails on the black market."
Grinder hits you.
You die...

.... ...# ..# ..# #.#
#.#
#..#####.###############
.>....5@................
#..#####.#######.##.....
#.# #.# .....
#.#######.# ...
##.##...##.# .. ##
....5...........# # .#
.######.##...##########
.# .................. .#
##.###############


You could see Grinder.

Vanquished Creatures
  5 adders
  An ooze (D:1)
  3 worms (D:2)
  2 dart slugs (D:1)
  4 leopard geckos
  3 giant cockroaches
  5 goblins
  5 hobgoblins
  2 jackals (D:1)
  2 kobolds
  8 bats
  4 frilled lizards
  3 rats
47 creatures vanquished.

Notes
Turn   | Place    | Note
-------+----------+-------------------------------------------
     0 | D:1      | SteelReserve the Minotaur Fighter began the quest for the Orb.
     0 | D:1      | Reached XP level 1. HP: 19/19 MP: 0/0
    97 | D:1      | Reached skill level 3 in Maces & Flails
   118 | D:1      | Reached XP level 2. HP: 27/27 MP: 1/1
   722 | D:1      | Reached XP level 3. HP: 28/33 MP: 2/2
   847 | D:1      | Reached skill level 4 in Maces & Flails
  1587 | D:2      | Reached XP level 4. HP: 38/41 MP: 3/3
  1823 | D:2      | Found a shadowy altar of Dithmenos.
  2141 | D:3      | Found a blossoming altar of Fedhas.
  2286 | D:3      | Reached skill level 5 in Maces & Flails
  2339 | D:3      | Noticed Grinder
  2349 | D:3      | Paralysed by Grinder for 2 turns
  2355 | D:3      | Paralysed by Grinder for 6 turns
  2362 | D:3      | HP: 2/41 [Grinder (1)]
  2363 | D:3      | Slain by Grinder

Vault maps used:
D:1:      sevenhm_arrival_forest_fort_large_1
D:2:      grunt_dithmenos_smoke
D:3:      gup_sewer_entry_bubbles, fedhas_altar_2, uniq_grinder

Skill      XL: |  1  2  3  4 |
---------------+-------------+-----
Maces & Flails | 3 4 5 |  5.0
Fighting       | 4 |  4.7
Armour         | |  3.6
Shields        | |  3.6

Action                   |  1- 3 |  4- 6 || total
-------------------------+-------+-------++-------
Melee: Flail             |   149 |    80 ||   229
       Headbutt          |    11 |     9 ||    20
  Use: Scroll            |     4 |     2 ||     6
  Eat: Chunk             |     2 |     3 ||     5
Armor: Ring mail         |    47 |    42 ||    89
Dodge: Dodged            |    48 |    30 ||    78
Block: Shield            |    70 |    34 ||   104

Table legend:
 A = Spawn XP
 B = Non-spawn XP
 C = Spawn XP percentage of total XP
 D = Spawn monster count
 E = Non-spawn monster count
 F = Spawn count percentage of total count
 G = Total turns spent on level
                    A         B        C        D         E        F      G
               +---------+---------+-------+---------+---------+-------+---------
         Total |       0 |     156 |   0.0 |       0 |      47 |   0.0 |  2363
               +---------+---------+-------+---------+---------+-------+---------
           D:1 |       0 |      67 |   0.0 |       0 |      27 |   0.0 |  1431
           D:2 |       0 |      72 |   0.0 |       0 |      17 |   0.0 |   642
           D:3 |       0 |      17 |   0.0 |       0 |       3 |   0.0 |   290
               +---------+---------+-------+---------+---------+-------+---------
